 Dungeon Crawl Stone Soup version 0.20-a0-858-g654850e (webtiles) character file.

99173 Bleys the Unseen (level 15, -2/79 HPs)
             Began as a Spriggan Enchanter on Mar 12, 2017.
             Was an Initiate of Gozag.
             Slain by an orc warrior
             ... wielding a +0 halberd
             ... led by an orc knight
              (41 damage)
             ... on level 1 of the Orcish Mines.
             The game lasted 01:51:01 (41027 turns).

Bleys the Unseen (Spriggan Enchanter)              Turns: 41027, Time: 01:51:02

Health: -2/79      AC:  7    Str:  4    XL:     15   Next: 77%
Magic:  21/33      EV: 35    Int: 18    God:    Gozag
Gold:   3056       SH:  0    Dex: 26    Spells: 23/40 levels left

rFire    . . .     SeeInvis +   L - +8 dagger "Zeaf" {elec, rC+ MR+ Int-2 Dex+4}
rCold    + . .     Gourm    .   k - +1 robe {Archmagi}
rNeg     . . .     Faith    .   (shield restricted)
rPois    +         Spirit   .   a - +0 hat {SInv}
rElec    .         Reflect  .   Q - +1 cloak
rCorr    .         Harm     .   (gloves unavailable)
MR       +++..                  (boots unavailable)
Stlth    ++++++++..             (no amulet)
Regen    0.3/turn               X - +2 ring of slaying
MPRegen  0.3/turn               r - +2 ring of intelligence

@: gold aura, drained, very quick
A: unfitting armour, thin metallic scales 1, see invisible, herbivore 3, speed
3, sense surroundings 1, poison resistance, slow metabolism 2, evolution 1
a: Potion Petition, Call Merchant, Bribe Branch, Renounce Religion


You were on level 1 of the Orcish Mines.
You worshipped Gozag.
Gozag was most pleased with you.
You were not hungry.

You visited 4 branches of the dungeon, and saw 23 of its levels.

You collected 9196 gold pieces.
You spent 1812 gold pieces at shops.
You paid 4328 gold pieces to Gozag.

Inventory:

Hand Weapons
 h - a +4 dagger of venom
 L - the +8 dagger "Zeaf" (weapon) {elec, rC+ MR+ Int-2 Dex+4}
   (You bought it in a shop on level 9 of the Dungeon)

   Occasionally, upon striking a foe, it will discharge some electrical energy
   and cause terrible harm.
   It affects your intelligence (-2).
   It affects your dexterity (+4).
   It protects you from cold.
   It affects your resistance to hostile enchantments.
 U - a +1 shortbow of flaming
Missiles
 n - 638 arrows
 G - 4 throwing nets (quivered)
Armour
 a - a +0 hat of see invisible (worn)
 k - a +1 robe of the Archmagi (worn)
 A - the +0 cloak of the Sneaky Wonders {rN+ Str+2 Int+2 Slay-2}
   (You acquired it on level 5 of the Lair of Beasts)

   It affects your strength (+2).
   It affects your intelligence (+2).
   It affects your accuracy and damage with ranged weapons and melee attacks
   (-2).
   It protects you from negative energy.
 O - a +2 robe of cold resistance
 Q - a +1 cloak (worn)
Jewellery
 e - an uncursed ring of ice
 r - a +2 ring of intelligence (left hand)
 E - an uncursed ring of positive energy
 H - an uncursed ring of wizardry
 R - the amulet of Tuatiedd {Spirit rF+}
   (You acquired it on level 12 of the Dungeon)

   [amulet of guardian spirit]

   It causes incoming damage to be split between your health and magic.
   It protects you from fire.
 X - a +2 ring of slaying (right hand)
Wands
 c - a wand of paralysis (6/24)
 i - a wand of paralysis (11/24)
 p - a wand of paralysis (18/24)
 v - a wand of disintegration (14/24)
 B - a wand of acid (6/15)
 C - a wand of lightning (4/15)
 K - a wand of random effects (31/48)
 N - a wand of polymorph (9/24)
 P - a wand of lightning (11/15)
 S - a wand of disintegration (6/24)
 V - a wand of polymorph (7/24)
Scrolls
 b - 4 scrolls of teleportation
 d - 2 scrolls of blinking
 f - a scroll of brand weapon
 m - 3 scrolls of recharging
 t - 13 scrolls of remove curse
 u - 5 scrolls of identify
 y - 2 scrolls of magic mapping
 z - 6 scrolls of amnesia
 W - 3 scrolls of fear
Potions
 g - 4 potions of lignification
 l - 2 potions of berserk rage
 o - 4 potions of mutation
 q - 9 potions of brilliance
 s - 3 potions of haste
 w - 4 potions of resistance
 x - 2 potions of heal wounds
 D - 2 potions of might
 I - 3 potions of flight
 J - 3 potions of agility
 M - a potion of cancellation
 T - 3 potions of curing
Comestibles
 j - 10 bread rations
 F - 13 royal jellies


   Skills:
 + Level 9.4(9.3) Fighting
 - Level 11.0(10.8) Short Blades
 - Level 5.4(5.3) Bows
 + Level 15.3(15.2) Dodging
 + Level 20.8(20.7) Stealth
 + Level 13.4(13.2) Spellcasting
 + Level 13.7(13.6) Hexes


You had 23 spell levels left.
You knew the following spells:

 Your Spells              Type           Power        Failure   Level  Hunger
a - Ensorcelled Hibernat  Hex/Ice        ######       1%          2    None
b - Corona                Hex            ######.      1%          1    None
c - Confuse               Hex            ######..     1%          3    None
d - Tukima's Dance        Hex            ######..     1%          3    None
e - Dazzling Spray        Conj/Hex       ######       1%          3    None
f - Mephitic Cloud        Conj/Pois/Air  ###.....     21%         3    None
g - Passwall              Tmut/Erth      ###.......   12%         2    None


Dungeon Overview and Level Annotations

Branches:
Dungeon (14/15)            Temple (1/1) D:4            Lair (6/6) D:10
 Shoals (0/4) Lair:2        Snake (0/4) Lair:3        Slime (0/5) Lair:5
    Orc (2/2) D:11            Elf (0/3) Orc:2        Vaults (0/5) D:14

Altars:
Ashenzari
Cheibriados
Dithmenos
Elyvilon
Fedhas
Gozag
Hepliaklqana
Kikubaaqudgha
Makhleb
Nemelex Xobeh
Okawaru
Qazlal
Ru
Sif Muna
Trog
Uskayaw
Vehumet
Wu Jian
Xom
Yredelemnul
Zin
The Shining One
Jiyva

Shops:
D:5 =   D:6 :   D:9 (   D:10 !   D:11 *   D:13 ![   Orc:1 %:   Orc:2 ?[
Lair:5 [

Annotations:
Orc:2 6 exclusions


Innate Abilities, Weirdness & Mutations

You are very small and have problems with some larger weapons.
You are too small for most types of armour.
You have supernaturally acute eyesight. (SInv)
You are a herbivore.
You cover ground extremely quickly.
You need consume almost no food.
You are partially covered in thin metallic scales. (AC +2)
You passively map a small area around you.
Your system is resistant to poisons. (rPois)
You evolve.


Message History

The orc knight hits you with a long sword!
The orc completely misses you.
Casting: Tukima's Dance
Confirm with . or Enter, or press ? or * to list all spells.
Aiming: Tukima's Dance
Press: ? - help, Shift-Dir - straight line, f/p - orc knight
Aim: an orc knight, wielding a long sword and wearing a chain mail (chance to defeat MR: 77%)
You feel a surge of power!
The long sword dances into the air!
The orc warrior completely misses you. The orc knight hits you!!
The orc completely misses you.
Casting: Tukima's Dance
Confirm with . or Enter, or press ? or * to list all spells.
Aiming: Confuse
Press: ? - help, Shift-Dir - straight line, f/p - orc knight
Aim: an orc knight, wearing a chain mail (chance to defeat MR: 67%)
You feel a surge of power!
The orc knight appears confused.
The orc warrior hits you from afar with a halberd!!!
Ouch! That really hurt!
You die...
Your body crumbles into a pile of gold.

.. * # ##. ## ##..##
.# #.$...## .#
##.##....(## .##
.........o.## ..#
,........oo$.## .)#
* #..# ##@...# .###
* #...###....##
...######.......#.##
....##.###...$..###
##..#.#####.....#*
###.....# #....#.##
#....#..####......#
#...∩....#..#....##
...#.#.#.....#.###


You could see an orc knight (confused), an orc warrior, an orc and a friendly
long sword.

Vanquished Creatures
  Gastronok (D:10)
  Azrael (D:14)
  Snorg (D:11)
  An ettin (Orc:1)
  6 dire elephants (Lair:6)
  Harold (D:11)
  Fannar (D:11)
  10 hydras
  3 centaur warriors
  A catoblepas (Lair:6)
  An anaconda (Lair:6)
  5 two-headed ogres
  5 tengu warriors
  8 death yaks
  Urug (Lair:4)
  An orc high priest (Orc:1)
  3 skeletal warriors (D:13)
  2 unseen horrors
  The ghost of lolicon the Carver, a novice OpFi of Makhleb (D:7)
  A necromancer (D:14)
  An orc knight (D:14)
  7 ugly things
  7 orc sorcerers
  A manticore (D:14)
  24 elephants
  Joseph (D:10)
  3 cyclopes
  A centaur zombie (D:14)
  5 black mambas
  A torpor snail (Lair:6)
  The ghost of Toogi the Insei, a novice DgTm (D:5)
  4 rime drakes
  9 spiny frogs
  2 kobold demonologists (D:14)
  4 komodo dragons
  3 tengu conjurers
  6 polar bears
  9 trolls
  3 meliai (D:14)
  A queen bee (D:14)
  2 dream sheep (Lair:6)
  7 hippogriffs
  17 blink frogs
  A shadow (D:14)
  A wraith (D:14)
  2 fire elementals (D:14)
  70 yaks
  2 basilisks
  4 wyverns
  3 vampire mosquitoes (D:13)
  A steam dragon (D:10)
  5 hungry ghosts
  3 wargs (Orc:2)
  4 nagas (Lair:3)
  4 hell hounds (D:14)
  2 acid dragons (D:14)
  10 porcupines
  25 orc warriors
  9 water moccasins
  3 sky beasts
  An eye of draining (D:14)
  12 ice beasts
  A black bear (D:7)
  9 ogres
  A phantom (D:4)
  A necrophage (D:9)
  9 wolves
  8 centaurs
  2 big kobolds
  7 crocodiles
  15 bullfrogs
  A wyvern zombie (D:8)
  A water moccasin zombie (D:10)
  2 wyvern skeletons
  A water moccasin skeleton (D:5)
  5 scorpions
  37 killer bees
  An electric eel (D:9)
  6 howler monkeys
  3 bullfrog zombies
  6 crimson imps
  A wyvern simulacrum (D:9)
  3 centaur skeletons
  Crazy Yiuf (D:4)
  26 orc priests
  A bullfrog skeleton (D:11)
  6 hounds
  7 jellies
  5 iguanas
  Ijyb (D:3)
  45 orc wizards
  15 worker ants
  4 hell rats (Lair:6)
  3 killer bee zombies
  A bullfrog simulacrum (D:9)
  A hound skeleton (D:9)
  A killer bee simulacrum (D:9)
  A worker ant zombie (D:6)
  Robin (D:3)
  A howler monkey skeleton (D:9)
  9 adders
  6 shadow imps
  8 white imps (D:9)
  An ufetubus (D:9)
  7 oozes
  4 adder skeletons
  6 worms
  A dart slug (D:3)
  3 leopard geckos
  105 orcs
  11 bats
  A giant cockroach (D:3)
  14 goblins
  9 hobgoblins
  16 jackals
  4 quokkas
  6 frilled lizards
  A jackal skeleton (D:4)
  14 kobolds
  A leopard gecko skeleton (D:8)
  2 quokka simulacra (D:9)
  A quokka skeleton (D:7)
  A quokka zombie (D:7)
  4 rats
  2 butterflies (Lair:5)
  3 plants (Lair:6)
815 creatures vanquished.

Vanquished Creatures (collateral kills)
  6 orc warriors
  An ogre (Orc:2)
  An orc wizard (Orc:1)
  3 orcs
11 creatures vanquished.

Vanquished Creatures (others)
  A two-headed ogre (D:8)
  3 dancing weapons
  A crocodile (D:8)
  A bullfrog (D:8)
  A scorpion (D:8)
  A killer bee (D:8)
  2 hounds (D:8)
  3 orcs
  A giant cockroach (D:8)
  A bush (Lair:6)
  8 fungi
  11 plants
34 creatures vanquished.

Grand Total: 860 creatures vanquished

Notes
Turn   | Place    | Note
-------+----------+-------------------------------------------
     0 | D:1      | Bleys the Spriggan Enchanter began the quest for the Orb.
     0 | D:1      | Reached XP level 1. HP: 9/9 MP: 5/5
  1129 | D:1      | Reached XP level 2. HP: 12/13 MP: 5/7
  1178 | D:1      | Learned a level 2 spell: Ensorcelled Hibernation
  2374 | D:2      | Reached XP level 3. HP: 16/16 MP: 9/9
  2382 | D:2      | Learned a level 3 spell: Confuse
  2386 | D:2      | Learned a level 3 spell: Tukima's Dance
  2566 | D:2      | Found a glowing golden altar of the Shining One.
  2607 | D:2      | Reached skill level 5 in Hexes
  2961 | D:2      | Found an opulent altar of Gozag.
  2970 | D:2      | Became a worshipper of Gozag Ym Sagoz the Greedy
  3101 | D:3      | Reached XP level 4. HP: 21/21 MP: 10/10
  3130 | D:3      | Reached skill level 5 in Stealth
  3308 | D:3      | Reached skill level 6 in Stealth
  3317 | D:3      | Reached skill level 7 in Stealth
  3317 | D:3      | Reached XP level 5. HP: 17/24 MP: 2/11
  3898 | D:3      | Noticed Ijyb
  3909 | D:3      | Killed Ijyb
  3909 | D:3      | Reached skill level 8 in Stealth
  4167 | D:3      | Noticed Robin
  4178 | D:3      | Killed Robin
  4198 | D:3      | Found a shadowy altar of Dithmenos.
  4460 | D:4      | Reached XP level 6. HP: 28/28 MP: 12/12
  4465 | D:4      | Reached skill level 9 in Stealth
  4689 | D:4      | Noticed a hungry ghost
  4700 | D:4      | Reached skill level 10 in Stealth
  4716 | D:4      | Killed a hungry ghost
  4716 | D:4      | Reached XP level 7. HP: 22/32 MP: 1/13
  4777 | D:4      | Reached skill level 11 in Stealth
  4952 | D:4      | Found a staircase to the Ecumenical Temple.
  4963 | Temple   | Entered the Ecumenical Temple
  5292 | D:4      | Found a blossoming altar of Fedhas.
  5456 | D:4      | Found a runed door.
  5512 | D:4      | Noticed Crazy Yiuf
  5517 | D:4      | Killed Crazy Yiuf
  5684 | D:5      | Entered Level 5 of the Dungeon
  5690 | D:5      | Reached skill level 12 in Stealth
  5695 | D:5      | Noticed Toogi's ghost (novice DgTm)
  6166 | D:5      | Killed Toogi's ghost
  6166 | D:5      | Reached skill level 13 in Stealth
  6166 | D:5      | Reached XP level 8. HP: 21/36 MP: 7/14
  6319 | D:5      | Reached skill level 14 in Stealth
  6500 | D:5      | Reached skill level 15 in Stealth
  7216 | D:5      | Reached skill level 1 in Fighting
  7459 | D:6      | Found a sparkling altar of Nemelex Xobeh.
  7475 | D:6      | Found Baqoit's Book Shop.
  7863 | D:4      | Reached XP level 9. HP: 24/41 MP: 16/16
  8855 | D:6      | Found a basalt altar of Yredelemnul.
  9073 | D:6      | Found an iron altar of Okawaru.
  9078 | D:6      | Found a sparkling altar of Nemelex Xobeh.
  9154 | D:7      | Reached skill level 5 in Dodging
  9154 | D:7      | Reached skill level 5 in Spellcasting
  9485 | D:7      | Noticed lolicon's ghost (novice OpFi)
  9495 | D:7      | Killed lolicon's ghost
  9595 | D:7      | Reached skill level 16 in Stealth
 10361 | D:7      | Reached XP level 10. HP: 49/49 MP: 16/19
 10523 | D:8      | Killed a two-headed ogre
 11054 | D:8      | Found a shimmering altar of Xom.
 11060 | D:8      | Noticed a four-headed hydra
 11064 | D:8      | Killed a four-headed hydra
 11170 | D:8      | Reached skill level 5 in Short Blades
 11812 | D:9      | Noticed a two-headed ogre
 11828 | D:9      | Killed a two-headed ogre
 12176 | D:9      | Learned a level 3 spell: Dazzling Spray
 12428 | D:9      | Noticed a tengu warrior
 12444 | D:9      | Killed a tengu warrior
 12451 | D:9      | Reached XP level 11. HP: 20/54 MP: 15/23
 13161 | D:9      | Noticed a two-headed ogre
 13355 | D:9      | Found a deep blue altar of Sif Muna.
 13835 | D:9      | Gained mutation: Your system is resistant to poisons. (rPois) [potion of mutation]
 13835 | D:9      | Gained mutation: You evolve. [potion of mutation]
 13892 | D:9      | Reached skill level 17 in Stealth
 14638 | D:9      | Reached skill level 5 in Fighting
 14737 | D:9      | Killed a two-headed ogre
 15121 | D:9      | Bought the +8 dagger "Zeaf" {elec, rC+ MR+ Int-2 Dex+4} for 894 gold pieces
 15129 | D:10     | Entered Level 10 of the Dungeon
 15180 | D:10     | Noticed Joseph
 15197 | D:10     | Killed Joseph
 15699 | D:10     | Found Telecvudaz's Distillery.
 16024 | D:10     | Noticed a death yak
 16029 | D:10     | Noticed a death yak
 16029 | D:10     | Noticed a death yak
 16029 | D:10     | Noticed a death yak
 16031 | D:10     | Noticed a death yak
 16031 | D:10     | Noticed a death yak
 16031 | D:10     | Noticed a death yak
 16032 | D:10     | Noticed a death yak
 16081 | D:10     | Killed a death yak
 16081 | D:10     | Reached skill level 10 in Dodging
 16339 | D:10     | Killed a death yak
 16341 | D:10     | Killed a death yak
 16923 | D:10     | Reached XP level 12. HP: 60/60 MP: 25/25
 16949 | D:10     | Noticed Gastronok
 16951 | D:10     | Found a staircase to the Lair.
 16962 | D:10     | Killed Gastronok
 17478 | D:9      | Killed a death yak
 17985 | D:9      | Killed a death yak
 18195 | D:9      | Killed a death yak
 18195 | D:9      | Reached skill level 10 in Hexes
 18198 | D:9      | Killed a death yak
 18198 | D:9      | Reached skill level 18 in Stealth
 18391 | D:9      | Killed a death yak
 19044 | D:11     | Found a staircase to the Orcish Mines.
 19761 | D:11     | Noticed Fannar
 19781 | D:11     | Killed Fannar
 20013 | D:11     | Gained mutation: You passively map a small area around you. [evolution]
 20146 | D:11     | Reached skill level 10 in Spellcasting
 20274 | D:11     | Noticed Harold
 20281 | D:11     | Killed Harold
 20323 | D:11     | Noticed Snorg
 20335 | D:11     | Killed Snorg
 20624 | D:12     | Noticed a two-headed ogre
 20633 | D:12     | Killed a two-headed ogre
 20653 | D:12     | Reached XP level 13. HP: 66/66 MP: 28/28
 20752 | D:12     | Found a deep blue altar of Sif Muna.
 20788 | D:12     | Learned a level 3 spell: Mephitic Cloud
 20793 | D:12     | Identified a scroll of acquirement
 20796 | D:12     | Got a pitted emerald amulet
 20797 | D:12     | Identified the amulet of Tuatiedd {Spirit rF+} (You acquired it on level 12 of the Dungeon)
 22621 | D:13     | Found Netomink's Antique Armour Shoppe.
 22626 | D:13     | Bought a heavily jewelled robe for 165 gold pieces
 22636 | D:13     | Identified the +0 robe "Anylikun" {rF- MR- Str+6 Dex+2} (You bought it in a shop on level 13 of the Dungeon)
 23271 | D:13     | Found Ukhos's Distillery.
 23274 | D:13     | Bought a potion of curing for 36 gold pieces
 23274 | D:13     | Bought a potion of heal wounds for 60 gold pieces
 23274 | D:13     | Bought a potion of agility for 48 gold pieces
 23274 | D:13     | Bought a potion of agility for 48 gold pieces
 23274 | D:13     | Bought a potion of agility for 48 gold pieces
 23274 | D:13     | Bought a potion of invisibility for 96 gold pieces
 23274 | D:13     | Bought a potion of heal wounds for 60 gold pieces
 24100 | D:14     | Noticed Azrael
 24481 | D:14     | Killed Azrael
 24481 | D:14     | Reached skill level 10 in Short Blades
 24825 | D:14     | Gained mutation: You are partially covered in thin metallic scales. (AC +2) [evolution]
 24881 | D:14     | Reached skill level 19 in Stealth
 26361 | D:14     | Found a gate to the Vaults.
 26605 | D:14     | Reached XP level 14. HP: 72/72 MP: 26/30
 27434 | Lair:1   | Entered Level 1 of the Lair of Beasts
 28607 | Lair:2   | Found a staircase to the Shoals.
 29397 | Lair:2   | Bought a scroll of identify for 28 gold pieces
 29397 | Lair:2   | Bought a scroll of identify for 28 gold pieces
 29397 | Lair:2   | Bought 3 scrolls of identify for 84 gold pieces
 29397 | Lair:2   | Bought a scroll of teleportation for 42 gold pieces
 29397 | Lair:2   | Bought a scroll of remove curse for 42 gold pieces
 29397 | Lair:2   | Bought a scroll of magic mapping for 49 gold pieces
 29397 | Lair:2   | Bought a scroll of remove curse for 42 gold pieces
 29397 | Lair:2   | Bought a scroll of teleportation for 42 gold pieces
 29608 | Lair:3   | Found a staircase to the Snake Pit.
 31239 | Lair:4   | Noticed Urug
 31265 | Lair:4   | Reached skill level 20 in Stealth
 31841 | Lair:4   | Killed Urug
 32532 | Lair:5   | Found a runed door.
 33786 | Lair:5   | Found a viscous altar of Jiyva.
 33798 | Lair:5   | Got a faintly glowing cloak
 33809 | Lair:5   | Identified the +0 cloak of the Sneaky Wonders {rN+ Str+2 Int+2 Slay-2} (You acquired it on level 5 of the Lair of Beasts)
 33938 | Lair:5   | Found a staircase to the Slime Pits.
 34590 | Lair:5   | Reached XP level 15. HP: 78/78 MP: 32/32
 34615 | Lair:6   | Entered Level 6 of the Lair of Beasts
 37042 | Lair:6   | Reached skill level 15 in Dodging
 37227 | Lair:6   | Reached skill level 1 in Bows
 37844 | Lair:6   | Reached skill level 5 in Bows
 38274 | Orc:1    | Entered Level 1 of the Orcish Mines
 38337 | Orc:2    | Entered Level 2 of the Orcish Mines
 38350 | Orc:2    | Found a staircase to the Elven Halls.
 38573 | Orc:1    | Learned a level 2 spell: Passwall
 40672 | Orc:2    | Found Hayh's Antique Armour Shop.
 40672 | Orc:2    | Found Axuplime's Magic Scroll Boutique.
 40855 | Orc:1    | Found a radiant altar of Vehumet.
 40892 | Orc:1    | Found Zoqoante's Book Boutique.
 40901 | Orc:1    | Found Kestuv's Food Shop.
 41027 | Orc:1    | Slain by an orc warrior

Vault maps used:
D:1:      evilmike_arrival_rings
D:2:      old_standard_altar, nicolae_gozag_cash_rules_everything_around_me
D:3:      old_standard_altar, uniq_robin, uniq_iyjb
D:4:      minmay_temple_entry_statues_pillars, first_bread,
          grunt_decor_one_mirror, fountainhead, fedhas_altar_1,
          uniq_crazy_yiuf_cottage
D:6:      minitemple, basic_altar, serial_shops, shop
D:8:      hangedman_little_slice_of_home, xom_confusion_cloud
D:9:      nicolae_overflow_crystal_walls, serial_ice, serial_ice_f,
          serial_ice_i, serial_ice_n, serial_ice_e, serial_ice_b, serial_ice_o,
          serial_ice_m, serial_ice_g, serial_ice_d, serial_ice_c
D:10:     dpeg_lair_monsters, serial_shops, nicolae_shop_statue_plus,
          uniq_joseph, uniq_gastronok
D:11:     david_orc_2, uniq_fannar, uniq_harold, uniq_snorg
D:12:     special_room, basic_altar
D:13:     serial_shops, kennysheep_little_box, kennysheep_mini_moat
D:14:     david_vaults_1, special_room, uniq_azrael
Temple:   nicolae_temple_x_marks_the_god
Lair:1:   beast_lair_carwin_5
Lair:2:   shoals_dummy_entry, lemuel_fruit_tree
Lair:3:   minmay_snake_entry_guardpost_small
Lair:4:   uniq_urug
Lair:5:   slime_altar_2, st_stairs_6, serial_bayou_pond_a, columned_hall_lemuel,
          minivault_19, grunt_megastairs_5, lemuel_fruit_fields
Lair:6:   due_jungle_book, grunt_megastairs_1
Orc:1:    basic_altar, serial_shops, shop, shop
Orc:2:    st_orc_mages

Skill      XL: |  1  2  3  4  5  6  7  8  9 10 11 12 13 14 15 |
---------------+----------------------------------------------+-----
Spellcasting   | 3 4 5 7 8 10 11 12 13 | 13.4
Hexes          | 4 5 6 8 9 10 11 12 13 | 13.7
Stealth        | 7 8 10 13 15 16 17 18 19 20 | 20.8
Fighting       | 1 3 4 5 6 7 8 9 |  9.4
Short Blades   | 2 4 5 7 9 10 11 | 11.0
Dodging        | 4 6 8 10 11 12 14 15 | 15.3
Bows           | 5 |  5.4

Action                   |  1- 3 |  4- 6 |  7- 9 | 10-12 | 13-15 || total
-------------------------+-------+-------+-------+-------+-------++-------
Melee: Dagger            |   166 |   141 |   248 |   619 |  1501 ||  2675
Throw: Stone             |     5 |       |       |       |       ||     5
 Cast: Corona            |    18 |       |       |       |       ||    18
       Ensorcelled Hiber |    23 |     8 |    31 |    41 |   120 ||   223
       Confuse           |       |     4 |    26 |    48 |    79 ||   157
       Tukima's Dance    |       |       |     3 |     3 |    33 ||    39
       Dazzling Spray    |       |       |       |    35 |    65 ||   100
Invok: Call Merchant     |       |       |     1 |     2 |     2 ||     5
       Potion Petition   |       |       |     1 |       |       ||     1
Evoke: Wand              |       |     1 |     7 |     8 |       ||    16
  Use: Scroll            |     8 |     3 |     5 |     4 |    17 ||    37
       Potion            |       |     3 |     4 |     1 |    10 ||    18
 Stab: Sleeping          |    21 |     9 |    31 |    53 |   105 ||   219
       Distracted        |       |     2 |     3 |    10 |    25 ||    40
       Paralysed         |       |     1 |     2 |       |       ||     3
       Confused          |       |       |    11 |    29 |    40 ||    80
       Invisible         |       |       |     1 |    11 |    24 ||    36
  Eat: Bread ration      |     1 |       |       |       |       ||     1
       Royal jelly       |       |     1 |     1 |     5 |     7 ||    14
       Fruit             |       |       |     8 |     1 |     8 ||    17
Armor: Robe              |    27 |    16 |     8 |    33 |    74 ||   158
       Skin              |       |       |    13 |       |       ||    13
Dodge: Dodged            |   184 |    97 |   165 |   443 |  1326 ||  2215
